HSSL
INDIANAPOLIS HS CHAOS @ JEFFERSONVILLE-YOUNGSVILLE CENTRAL HS TROJANS
05/06/2024
 
TOP OF THE 1ST
Indianapolis HS Chaos batting - Pitching for Jeffersonville-Youngsville Central HS Trojans : LHP Holden Clark
Pitching: LHP Holden Clark
Batting: RHB Johnny Becker 0-0: Called Strike
0-1: Ball
1-1: Called Strike
1-2: Ball
2-2: Strikes out swinging
Batting: RHB Jesús Lima 0-0: Ball
1-0: Ball
2-0: Called Strike
2-1: Ball
3-1: Called Strike
3-2: Ground out 6-3 (Groundball, 56)
Batting: LHB Ben Donaldson 0-0: Ball
1-0: Foul Ball, location: 2F
1-1: Ball
2-1: Foul Ball, location: 2F
2-2: Strikes out looking
Top of the 1st over - 0 run(s), 0 hit(s), 0 error(s), 0 left on base; Indianapolis HS 0 - Jeffersonville-Youngsville Central HS 0
BOTTOM OF THE 1ST
Jeffersonville-Youngsville Central HS Trojans batting - Pitching for Indianapolis HS Chaos : RHP Roberto Montoya
Pitching: RHP Roberto Montoya
Batting: SHB Ralph Alfonzo 0-0: Ground out 1-3 (Groundball, 13S)
Batting: RHB Alberto García 0-0: Foul Ball, location: 2F
0-1: Ball
1-1: Foul Ball, location: 2F
1-2: Ball
2-2: Ball
3-2: Foul Ball, location: 2F
3-2: Foul Ball, location: 2F
3-2: Foul Ball, location: 2F
3-2: Base on Balls
Batting: LHB José Martínez 0-0: Ground out 4-3 (Groundball, 4M)
Alberto García to second
Batting: RHB Michael Boulanger 0-0: Swinging Strike
0-1: Ball
1-1: DOUBLE (Groundball, 5L)
Alberto García scores
Batting: RHB Tim Richard 0-0: Ball
1-0: Fly out, F9 (Flyball, 89M)
Bottom of the 1st over - 1 run(s), 1 hit(s), 0 error(s), 1 left on base; Indianapolis HS 0 - Jeffersonville-Youngsville Central HS 1
TOP OF THE 2ND
Indianapolis HS Chaos batting - Pitching for Jeffersonville-Youngsville Central HS Trojans : LHP Holden Clark
Batting: RHB Curt David 0-0: Ball
1-0: Ball
2-0: Swinging Strike
2-1: Foul Ball, location: 2F
2-2: Strikes out swinging
Batting: RHB Patrice Charette 0-0: Called Strike
0-1: Ball
1-1: Called Strike
1-2: Foul Ball, location: 2F
1-2: Strikes out swinging
Batting: SHB Mark Hendree 0-0: Ball
1-0: Called Strike
1-1: Foul Ball, location: 2F
1-2: Ball
2-2: Ball
3-2: Strikes out looking
Top of the 2nd over - 0 run(s), 0 hit(s), 0 error(s), 0 left on base; Indianapolis HS 0 - Jeffersonville-Youngsville Central HS 1
BOTTOM OF THE 2ND
Jeffersonville-Youngsville Central HS Trojans batting - Pitching for Indianapolis HS Chaos : RHP Roberto Montoya
Batting: RHB Melvin Johnson 0-0: Ball
1-0: Foul Ball, location: 2F
1-1: Foul Ball, location: 2F
1-2: Fly out, F6 (Popup, 56D)
Batting: LHB Gilberto Ortíz 0-0: Called Strike
0-1: Fly out, F6 (Popup, 5D)
Batting: SHB Marvin MacGeoch 0-0: Ground out 4-3 (Groundball, 4M)
Bottom of the 2nd over - 0 run(s), 0 hit(s), 0 error(s), 0 left on base; Indianapolis HS 0 - Jeffersonville-Youngsville Central HS 1
TOP OF THE 3RD
Indianapolis HS Chaos batting - Pitching for Jeffersonville-Youngsville Central HS Trojans : LHP Holden Clark
Batting: SHB Mike Burke 0-0: Ball
1-0: Ball
2-0: Called Strike
2-1: Foul Ball, location: 2F
2-2: Strikes out swinging
Batting: RHB Zander von Strantz 0-0: Called Strike
0-1: Ball
1-1: Foul Ball, location: 2F
1-2: Strikes out swinging
Batting: LHB Robert Lucas 0-0: Called Strike
0-1: Swinging Strike
0-2: Foul Ball, location: 2F
0-2: Foul Ball, location: 2F
0-2: Foul Ball, location: 2F
0-2: Ball
1-2: Ball
2-2: Ball
3-2: Strikes out looking
Top of the 3rd over - 0 run(s), 0 hit(s), 0 error(s), 0 left on base; Indianapolis HS 0 - Jeffersonville-Youngsville Central HS 1
BOTTOM OF THE 3RD
Jeffersonville-Youngsville Central HS Trojans batting - Pitching for Indianapolis HS Chaos : RHP Roberto Montoya
Batting: LHB Abel Wheeler 0-0: Ball
1-0: Reached on error, E5 (Groundball, 56)
Batting: SHB Ralph Alfonzo 0-0: Ball
1-0: Called Strike
1-1: Foul Ball, location: 2F
1-2: Foul Ball, location: 2F
1-2: Foul Ball, location: 2F
1-2: Ball
2-2: Ground out 6-3 (Groundball, 6)
Batting: RHB Alberto García 0-0: Ball
1-0: Called Strike
1-1: Foul Ball, location: 2F
1-2: Strikes out swinging
Batting: LHB José Martínez 0-0: Foul Ball, location: 2F
0-1: Ball
1-1: 2-RUN HOME RUN (Flyball, 9D), Distance : 377 ft
Batting: RHB Michael Boulanger 0-0: Foul Ball, location: 2F
0-1: Foul Ball, location: 2F
0-2: Ground out 1-3 (Groundball, 15)
Bottom of the 3rd over - 2 run(s), 1 hit(s), 1 error(s), 0 left on base; Indianapolis HS 0 - Jeffersonville-Youngsville Central HS 3
TOP OF THE 4TH
Indianapolis HS Chaos batting - Pitching for Jeffersonville-Youngsville Central HS Trojans : LHP Holden Clark
Batting: RHB Johnny Becker 0-0: Ball
1-0: Ball
2-0: SINGLE (Popup, 4MD)
Batting: RHB Jesús Lima 0-0: Ball
1-0: Ball
2-0: Foul Ball, location: 2F
2-1: Fly out, F7 (Flyball, 7LM)
Batting: LHB Ben Donaldson 0-0: Called Strike
Johnny Becker is caught stealing 2nd base
0-1: Ball
1-1: SOLO HOME RUN (Flyball, 9LD), Distance : 368 ft
Batting: RHB Curt David 0-0: Ball
1-0: Called Strike
1-1: Ball
2-1: Foul Ball, location: 2F
2-2: Strikes out swinging
Top of the 4th over - 1 run(s), 2 hit(s), 0 error(s), 0 left on base; Indianapolis HS 1 - Jeffersonville-Youngsville Central HS 3
BOTTOM OF THE 4TH
Jeffersonville-Youngsville Central HS Trojans batting - Pitching for Indianapolis HS Chaos : RHP Roberto Montoya
Batting: RHB Tim Richard 0-0: Called Strike
0-1: Ball
1-1: Foul Ball, location: 2F
1-2: SINGLE (Groundball, 4M)
Batting: RHB Melvin Johnson 0-0: Fly out, F7 (Flyball, 78S)
Batting: LHB Gilberto Ortíz 0-0: Called Strike
0-1: Foul Ball, location: 2F
0-2: Strikes out swinging
Batting: SHB Marvin MacGeoch 0-0: Ball
Tim Richard steals 2nd base
1-0: Foul Ball, location: 2F
1-1: Ball
2-1: Ball
3-1: Foul Ball, location: 2F
3-2: Foul Ball, location: 2F
3-2: Base on Balls
Batting: LHB Abel Wheeler 0-0: SINGLE (Groundball, 3S) (infield hit)
Tim Richard to third
Marvin MacGeoch to second
Batting: SHB Ralph Alfonzo 0-0: Fly out, F8 (Flyball, 8RM)
Bottom of the 4th over - 0 run(s), 2 hit(s), 0 error(s), 3 left on base; Indianapolis HS 1 - Jeffersonville-Youngsville Central HS 3
TOP OF THE 5TH
Indianapolis HS Chaos batting - Pitching for Jeffersonville-Youngsville Central HS Trojans : LHP Holden Clark
Batting: RHB Patrice Charette 0-0: Ball
1-0: Called Strike
1-1: Ball
2-1: Foul Ball, location: 2F
2-2: Ball
3-2: Foul Ball, location: 2F
3-2: Strikes out swinging
Batting: SHB Mark Hendree 0-0: Fly out, F7 (Flyball, 78M)
Batting: SHB Mike Burke 0-0: Ball
1-0: Swinging Strike
1-1: Ball
2-1: SINGLE (Popup, 6MD)
Batting: RHB Zander von Strantz 0-0: Called Strike
0-1: Foul Ball, location: 2F
0-2: SINGLE (Groundball, 13) (infield hit)
Mike Burke to second
Pitching: LHP Lou Frederick
Batting: LHB Robert Lucas 0-0: Ball
1-0: Ball
2-0: Ball
3-0: Called Strike
Balk!
Mike Burke to third
Zander von Strantz to second
3-1: Base on Balls
Batting: RHB Johnny Becker 0-0: Ball
1-0: Ball
2-0: Fly out, F8 (Flyball, 89M)
Top of the 5th over - 0 run(s), 2 hit(s), 0 error(s), 3 left on base; Indianapolis HS 1 - Jeffersonville-Youngsville Central HS 3
BOTTOM OF THE 5TH
Jeffersonville-Youngsville Central HS Trojans batting - Pitching for Indianapolis HS Chaos : RHP Roberto Montoya
Batting: RHB Alberto García 0-0: Called Strike
0-1: Ball
1-1: Ball
2-1: Fly out, F8 (Flyball, 8RM)
Batting: LHB José Martínez 0-0: Called Strike
0-1: Foul Ball, location: 2F
0-2: Ground out 1-3 (Groundball, 25)
Batting: RHB Michael Boulanger 0-0: SINGLE (Groundball, 5L)
Batting: RHB Tim Richard 0-0: Ball
1-0: Ball
2-0: Ball
3-0: Called Strike
3-1: Base on Balls
Michael Boulanger to second
Batting: RHB Melvin Johnson 0-0: Ball
1-0: Ball
2-0: Called Strike
2-1: Ball
3-1: Ground out 6-3 (Groundball, 6)
Bottom of the 5th over - 0 run(s), 1 hit(s), 0 error(s), 2 left on base; Indianapolis HS 1 - Jeffersonville-Youngsville Central HS 3
TOP OF THE 6TH
Indianapolis HS Chaos batting - Pitching for Jeffersonville-Youngsville Central HS Trojans : LHP Lou Frederick
Batting: RHB Jesús Lima 0-0: Foul Ball, location: 2F
0-1: Ball
1-1: Called Strike
1-2: Ball
2-2: Foul Ball, location: 2F
2-2: Strikes out swinging
Batting: LHB Ben Donaldson 0-0: Ball
1-0: Ball
2-0: Ball
3-0: Called Strike
3-1: Swinging Strike
3-2: Base on Balls
Batting: RHB Curt David 0-0: Ball
1-0: Ball
2-0: Foul Ball, location: 2F
2-1: Swinging Strike
2-2: Strikes out swinging
Batting: RHB Patrice Charette 0-0: Fly out, F8 (Line Drive, 8RD)
Top of the 6th over - 0 run(s), 0 hit(s), 0 error(s), 1 left on base; Indianapolis HS 1 - Jeffersonville-Youngsville Central HS 3
BOTTOM OF THE 6TH
Jeffersonville-Youngsville Central HS Trojans batting - Pitching for Indianapolis HS Chaos : RHP Roberto Montoya
Batting: LHB Gilberto Ortíz 0-0: Called Strike
0-1: Ground out 1-3 (Groundball, 15)
Batting: SHB Marvin MacGeoch 0-0: Ball
1-0: DOUBLE (Flyball, 7LS)
Pitching: RHP Patrick Williams
Batting: LHB Abel Wheeler 0-0: Ball
1-0: Called Strike
1-1: Ball
2-1: Ball
3-1: Called Strike
3-2: Strikes out swinging
Batting: SHB Ralph Alfonzo 0-0: Fly out, F6 (Popup, 6M)
Bottom of the 6th over - 0 run(s), 1 hit(s), 0 error(s), 1 left on base; Indianapolis HS 1 - Jeffersonville-Youngsville Central HS 3
TOP OF THE 7TH
Indianapolis HS Chaos batting - Pitching for Jeffersonville-Youngsville Central HS Trojans : LHP Lou Frederick
Batting: SHB Mark Hendree 0-0: Swinging Strike
0-1: Swinging Strike
0-2: Strikes out swinging
Batting: SHB Mike Burke 0-0: Ball
1-0: Swinging Strike
1-1: Ball
2-1: SINGLE (Line Drive, 6D)
Batting: RHB Zander von Strantz 0-0: Called Strike
0-1: Ball
1-1: Swinging Strike
1-2: Reached on error, E4 (Groundball, 4)
Mike Burke to second
Batting: LHB Robert Lucas 0-0: Hit by Pitch
Mike Burke to third
Zander von Strantz to second
Pinch Runner at 1st Kyle Robbins:
Batting: RHB Johnny Becker 0-0: Called Strike
0-1: Called Strike
0-2: SINGLE (Flyball, 89S)
Mike Burke scores
Zander von Strantz to third
Kyle Robbins to second
Runner from 3rd tries for Home, SAFE, throw made home
Kyle Robbins to third
Johnny Becker to second
Batting: RHB Jesús Lima 0-0: Intentional Walk
Batting: LHB Ben Donaldson 0-0: Ball
1-0: Foul Ball, location: 2F
1-1: Foul Ball, location: 2F
1-2: Ball
2-2: Foul Ball, location: 2F
2-2: Strikes out swinging
Pitching: LHP Dave McCoy
Batting: RHB Curt David 0-0: Ball
1-0: Foul Ball, location: 2F
1-1: Ball
2-1: Foul Ball, location: 2F
2-2: Hit by Pitch
Kyle Robbins scores
Johnny Becker to third
Jesús Lima to second
Batting: RHB Patrice Charette 0-0: Ball
1-0: Swinging Strike
1-1: Foul Ball, location: 2F
1-2: Ball
2-2: Foul Ball, location: 2F
2-2: Strikes out swinging
Top of the 7th over - 3 run(s), 2 hit(s), 1 error(s), 3 left on base; Indianapolis HS 4 - Jeffersonville-Youngsville Central HS 3
BOTTOM OF THE 7TH
Jeffersonville-Youngsville Central HS Trojans batting - Pitching for Indianapolis HS Chaos : RHP Patrick Williams
Batting: RHB Alberto García 0-0: Ball
1-0: Ground out 4-3 (Groundball, 4)
Batting: LHB José Martínez 0-0: Ground out 4-3 (Groundball, 4)
Batting: RHB Michael Boulanger 0-0: Called Strike
0-1: Ball
1-1: Foul Ball, location: 2F
1-2: Foul Ball, location: 2F
1-2: Foul Ball, location: 2F
1-2: Foul Ball, location: 2F
1-2: Ball
2-2: Foul Ball, location: 2F
2-2: Foul Ball, location: 2F
2-2: Foul Ball, location: 2F
2-2: SOLO HOME RUN (Flyball, 78XD), Distance : 432 ft
Batting: RHB Tim Richard 0-0: Foul Ball, location: 2F
0-1: Foul Ball, location: 2F
0-2: Ball
1-2: Ball
2-2: Foul Ball, location: 2F
2-2: Strikes out swinging
Bottom of the 7th over - 1 run(s), 1 hit(s), 0 error(s), 0 left on base; Indianapolis HS 4 - Jeffersonville-Youngsville Central HS 4
TOP OF THE 8TH
Indianapolis HS Chaos batting - Pitching for Jeffersonville-Youngsville Central HS Trojans : LHP Dave McCoy
Batting: SHB Mark Hendree 0-0: Ball
1-0: Swinging Strike
1-1: Swinging Strike
1-2: Ball
2-2: Strikes out swinging
Batting: SHB Mike Burke 0-0: Called Strike
0-1: Ground out 4-3 (Groundball, 4M)
Batting: RHB Zander von Strantz 0-0: Ball
1-0: Ball
2-0: Hit by Pitch
Batting: LHB Kyle Robbins 0-0: Ball
1-0: Ground out 6-3 (Groundball, 6)
Top of the 8th over - 0 run(s), 0 hit(s), 0 error(s), 1 left on base; Indianapolis HS 4 - Jeffersonville-Youngsville Central HS 4
BOTTOM OF THE 8TH
Jeffersonville-Youngsville Central HS Trojans batting - Pitching for Indianapolis HS Chaos : RHP Patrick Williams
Pitching: RHP Carl Pearson
Batting: RHB Melvin Johnson 0-0: Ball
1-0: Ball
2-0: Called Strike
2-1: Ball
3-1: Called Strike
3-2: SINGLE (Line Drive, 4MD)
Batting: LHB Gilberto Ortíz 0-0: Ball
1-0: Ball
2-0: Called Strike
2-1: Foul Ball, location: 2F
2-2: Ball
3-2: Base on Balls
Melvin Johnson to second
Batting: SHB Marvin MacGeoch 0-0: Fly out, F9 (Flyball, 89M)
Batting: LHB Abel Wheeler 0-0: Foul Ball, location: 2F
0-1: Called Strike
0-2: Grounds into double play, 1-6-3 (Groundball, 13)
Bottom of the 8th over - 0 run(s), 1 hit(s), 0 error(s), 1 left on base; Indianapolis HS 4 - Jeffersonville-Youngsville Central HS 4
TOP OF THE 9TH
Indianapolis HS Chaos batting - Pitching for Jeffersonville-Youngsville Central HS Trojans : LHP Dave McCoy
Pitching: RHP Carlos Núńes
Batting: RHB Johnny Becker 0-0: Ball
1-0: Swinging Strike
1-1: Called Strike
1-2: Fly out, F8 (Flyball, 8RM)
Batting: RHB Jesús Lima 0-0: Ball
1-0: Foul Ball, location: 2F
1-1: Called Strike
1-2: Strikes out swinging
Batting: LHB Ben Donaldson 0-0: Called Strike
0-1: Foul Ball, location: 2F
0-2: Ball
1-2: Ball
2-2: Ball
3-2: Foul Ball, location: 2F
3-2: SINGLE (Groundball, 4M)
Batting: RHB Curt David 0-0: Called Strike
0-1: Foul Ball, location: 2F
0-2: Foul Ball, location: 2F
0-2: Strikes out swinging
Top of the 9th over - 0 run(s), 1 hit(s), 0 error(s), 1 left on base; Indianapolis HS 4 - Jeffersonville-Youngsville Central HS 4
BOTTOM OF THE 9TH
Jeffersonville-Youngsville Central HS Trojans batting - Pitching for Indianapolis HS Chaos : RHP Carl Pearson
Batting: SHB Ralph Alfonzo 0-0: Called Strike
0-1: Foul Ball, location: 2F
0-2: Ball
1-2: Reached on error, E6 (Groundball, 6)
Batting: RHB Alberto García 0-0: Bunted foul
0-1: Sac Bunt - play at first, batter OUT! 1-4
Ralph Alfonzo to second
Batting: LHB José Martínez 0-0: Intentional Walk
Batting: RHB Michael Boulanger 0-0: Fly out, F6 (Popup, 6MS)
Batting: RHB Tim Richard 0-0: Foul Ball, location: 2F
0-1: Reached on Error, E8 (Flyball, 8LM)
Ralph Alfonzo scores
GAME OVER ... JEFFERSONVILLE
Youngsville Central HS defeats Indianapolis HS, 5 to 4
This league is powered by Out of the Park Baseball, the baseball management simulation game for PC, Mac and Linux
Saturday, April 9th, 2016 - OOTP Baseball 16.8 Build 38